 Dungeon Crawl Stone Soup version 0.28.0-53-g5a82cb258f (webtiles) character file.

Game seed: 3415116207565092934

686 cbfl8 the Chopper (level 7, -1/61 HPs)
             Began as a Hill Orc Fighter on July 17, 2022.
             Killed from afar by Dowan (11 damage)
             ... with a shard of ice
             ... on level 4 of the Dungeon.
             The game lasted 00:05:40 (4422 turns).

cbfl8 the Chopper (Hill Orc Fighter)                Turns: 4422, Time: 00:05:40

Health: -1/61      AC: 12    Str: 21    XL:     7   Next: 62%
Magic:  0/7        EV: 11    Int:  8    God:
Gold:   120        SH:  4    Dex: 10    Spells: 6/6 levels left

rFire   + . .      SeeInvis .   a - +0 war axe
rCold   . . .      Faith    .   c - +0 buckler
rNeg    . . .      Spirit   +   r - +1 chain mail {rF+}
rPois   .          Reflect  .   l - +0 helmet
rElec   .          Harm     .   (no cloak)
rCorr   .          Rampage  .   (no gloves)
Will    .....                   (no boots)
Stlth   ..........              t - amulet of guardian spirit
HPRegen 0.20/turn               i - +4 ring of evasion
MPRegen 0.10/turn               (no ring)

@: lit by a corona, glowing
A: no striking features
a: no special abilities


You were on level 4 of the Dungeon.
You visited 1 branch of the dungeon, and saw 4 of its levels.

You collected 175 gold pieces.
You spent 55 gold pieces at shops.

Inventory:

Hand Weapons
 a - a +0 war axe (weapon)
 d - a +4 flail of protection
Armour
 b - a +0 scale mail
 c - a +0 buckler (worn)
 l - a +0 helmet (worn)
 r - a +1 chain mail of fire resistance (worn)
 u - a +0 chain mail
Jewellery
 i - a +4 ring of evasion (left hand)
 t - an amulet of guardian spirit (around neck)
Scrolls
 e - a scroll of blinking {unknown}
 f - a scroll of brand weapon {unknown}
 h - a scroll of noise {unknown}
 j - 2 scrolls of vulnerability {unknown}
 k - 3 scrolls of teleportation {unknown}
 n - 2 scrolls of identify {unknown}
 p - a scroll of amnesia {unknown}
 q - a scroll of enchant armour {unknown}
 s - a scroll of torment {unknown}
Potions
 g - a potion of curing {unknown}
 m - a potion of lignification {unknown}
 o - a potion of berserk rage {unknown}


   Skills:
 + Level 5.4 Fighting
 + Level 7.5 Axes
 + Level 5.0 Armour
 + Level 1.0 Dodging
 + Level 0.4 Stealth
 + Level 4.6 Shields


You had 6 spell levels left.
You didn't know any spells.
Your spell library contained the following spells:

 Spells                   Type           Power      Damage    Failure   Level
 Sting                    Tmut/Pois      0%         1d3       99%         1
 Poisonous Vapours        Pois/Air       0%         N/A       100%        2
 Confusing Touch          Hex            0%         N/A       100%        3
 Olgreb's Toxic Radiance  Pois           0%         N/A       100%        4
 Yara's Violent Unravell  Hex/Tmut       0%         3d3       100%        5
 Enfeeble                 Hex            0%         N/A       100%        7


Dungeon Overview and Level Annotations

Branches:
Dungeon (4/15)
 Temple: D:4-7

Altars:
Yredelemnul

Shops:
D:3 !

Annotations:
D:4 Dowan


Message History

You block Duvessa's attack. Duvessa barely misses you.
Dowan hits you but does no damage.
Unknown command.
You miss Dowan.
Dowan is heavily wounded.
You slash Duvessa!
Duvessa says, "Practise, practise, practise!
One day you'll be as good as me."
Duvessa hits you with a +1 short sword of speed. x2
You block Dowan's attack.
Duvessa hits you with a +1 short sword of speed.
* * * LOW HITPOINT WARNING * * *
You are too injured to fight recklessly!
Unknown command.
You are too injured to fight recklessly!
Unknown command.
You are too injured to fight recklessly!
Unknown command.
You are too injured to fight recklessly!
Unknown command.
Okay, then.
You slash Duvessa!
Duvessa is severely wounded.
You closely miss Dowan. Duvessa hits you but does no damage.
You block Duvessa's attack. Dowan barely misses you.
You slash Duvessa!
You kill Duvessa!
Dowan's eyes darken. "You have made a black mistake."
Dowan seems to find hidden reserves of power!
You hit Dowan. Dowan hits you with a +0 dagger.
* * * LOW HITPOINT WARNING * * *
Dowan casts a spell.
Dowan blinks!
Your Armour skill increases to level 5!
Dowan points at you and mumbles some strange words.
The shard of ice hits you!
* * * LOW HITPOINT WARNING * * *
Found a scroll labelled TAOTA SEBURU.
Dowan gestures at you while chanting. The shard of ice hits you!
You die...

..............#..#.)....
###.###........#.[#......
#.....#........#..'......
.#....†#........#..#......
....>.))........#..#......
.#.....#........####....#'
#..e..#........# #....#.
###.###.e......# #....#.
.......@......# #..(.#.
...............+ #....#.
####....^.......# #....#+
#.......#+##.. ####...
#.......# .. #...
#.......# +... #.......#
#... ####.?... ##+#


You could see Dowan (fast).

Vanquished Creatures
  Eustachio (D:4)
  Edmund (D:4)
  Duvessa (D:4)
  A sky beast (D:3)
  A hound (D:4)
  Terence (D:2)
  An iguana (D:4)
  A howler monkey skeleton (D:4)
  5 adders
  A worm (D:3)
  2 dart slugs
  9 orcs
  2 bats (D:1)
  6 endoplasms
  A giant cockroach (D:3)
  6 goblins
  3 hobgoblins
  13 jackals (D:1)
  6 quokkas
  9 ball pythons
  A frilled lizard (D:3)
  8 kobolds
  4 rats
84 creatures vanquished.

Vanquished Creatures (others)
  A plant (D:1)
1 creature vanquished.

Grand Total: 85 creatures vanquished

Notes
Turn   | Place    | Note
-------+----------+-------------------------------------------
     0 | D:1      | cbfl8 the Hill Orc Fighter began the quest for the Orb.
     0 | D:1      | Reached XP level 1. HP: 19/19 MP: 1/1
    33 | D:1      | Reached XP level 2. HP: 10/27 MP: 2/2
   286 | D:1      | Reached skill level 3 in Axes
   406 | D:1      | Reached XP level 3. HP: 13/33 MP: 3/3
   839 | D:1      | Found a faded altar of an unknown god.
  1595 | D:2      | Reached XP level 4. HP: 40/40 MP: 4/4
  1768 | D:2      | Found a basalt altar of Yredelemnul.
  2061 | D:2      | Noticed Terence
  2074 | D:2      | Killed Terence
  2075 | D:2      | Reached skill level 4 in Axes
  2417 | D:3      | Found Rouh's Distillery.
  2424 | D:3      | Bought a potion of heal wounds for 55 gold pieces
  2438 | D:3      | Noticed a sky beast
  2455 | D:3      | Killed a sky beast
  2456 | D:3      | Reached skill level 5 in Axes
  2456 | D:3      | Reached XP level 5. HP: 34/47 MP: 5/5
  2875 | D:3      | Reached XP level 6. HP: 48/53 MP: 6/6
  3639 | D:4      | Noticed Eustachio
  3873 | D:4      | Noticed Edmund
  3901 | D:4      | Killed Edmund
  3902 | D:4      | Reached skill level 5 in Fighting
  3902 | D:4      | Reached skill level 6 in Axes
  4192 | D:4      | Killed Eustachio
  4193 | D:4      | Reached skill level 7 in Axes
  4193 | D:4      | Reached XP level 7. HP: 47/61 MP: 7/7
  4285 | D:4      | Reached skill level 1 in Dodging
  4398 | D:4      | Noticed Dowan
  4399 | D:4      | Noticed Duvessa
  4417 | D:4      | Killed Duvessa
  4418 | D:4      | Reached skill level 5 in Armour
  4422 | D:4      | Killed from afar by Dowan

Illustrated notes

Levels and vault maps discovered:
D:1:      erik_arrival_cave_to_civilisation [erik_arrival_cave_to_temple],
          layout_basic, shapermc_ecumenical_altar_acropolis
D:2:      layout_basic, basic_altar, hangedman_feature_mirror, uniq_terence
D:3:      layout_basic, serial_shops, nicolae_shop_statue_plus
D:4:      layout_gridville, serial_shops, shop_fountains, st_stairs_3,
          uniq_duvessa, uniq_eustachio, uniq_edmund, uniq_blork_the_orc

Skill      XL: |  1  2  3  4  5  6  7 |
---------------+----------------------+-----
Axes           | 3 5 7 |  7.5
Fighting       | 4 5 |  5.4
Shields        | 4 |  4.6
Armour         | 4 5 |  5.0
Dodging        | 1 |  1.0
Stealth        | |  0.4

Action                   |  1- 3 |  4- 6 |  7- 9 || total
-------------------------+-------+-------+-------++-------
Melee: War axe           |    88 |   212 |    25 ||   325
  Use: Potion            |       |     2 |       ||     2
Armor: Scale mail        |    56 |    41 |       ||    97
       Chain mail        |       |    30 |    19 ||    49
Dodge: Dodged            |    49 |   124 |    18 ||   191
Block: Buckler           |    20 |    58 |    12 ||    90
